Map: Ley Lines

Players

ProtossOP (Vindicta)

  • Race: Terran Terran
  • League: Grandmaster
  • Spawn Location: 1:00

A.I. 1 (Very Easy) - Winner!

  • Race: Zerg Zerg
  • Spawn Location: 7:00

VOD

Have the link to the VOD?

Description

Time

  • Played on: Oct. 2, 2025, 9:49 p.m.
  • Length: 11:31
Show
View Real Time Build Order
Export as new Build Order

ProtossOP Terran 

Build Orders: Reaper Expand 

Get SALT Encoding   

  12  0:01  SCV  
  13  0:13  SCV  
  14  0:17  Supply Depot  
  14  0:25  SCV  
  15  0:38  SCV  
  15  0:40  Barracks  
  16  0:43  Refinery  
  16  0:50  SCV  
  17  1:02  SCV  
  18  1:14  SCV  
  19  1:30  Orbital Command  
  19  1:32  Reaper  
  20  1:40  Command Center  
  20  1:51  Supply Depot  
  20  1:55  SCV  
  21  2:04  Marine  
  21  2:07  SCV  
  23  2:11  Factory  
  23  2:19  SCV  
  24  2:23  Barracks Reactor  
  24  2:30  Refinery  
  24  2:31  SCV  
  25  2:44  SCV  
  26  2:52  Orbital Command  
  26  2:56  SCV  
  27  3:03  Hellion  
  27  3:04  Hellion  
  27  3:05  Barracks Tech Lab  
  31  3:08  SCV  
  31  3:11  Barracks  
  31  3:12  Barracks  
  32  3:20  SCV x2  
  34  3:29  Hellion x2, Supply Depot  
  34  3:32  SCV x2  
  40  3:36  Stimpack  
  40  3:44  SCV x2  
  40  3:46  Marine  
  43  3:53  Starport  
  43  3:56  SCV  
  43  4:01  Barracks Reactor  
  43  4:02  SCV  
  45  4:08  SCV  
  45  4:09  Factory Tech Lab  
  46  4:11  Marine x2, Supply Depot  
  46  4:12  Marine  
  46  4:15  SCV  
  50  4:20  SCV  
  51  4:26  Barracks  
  51  4:27  SCV  
  51  4:28  Barracks  
  51  4:30  Starport Reactor  
  52  4:32  Siege Tank, Marine x2  
  52  4:33  Marine  
  52  4:37  SCV  
  52  4:38  Marine x2  
  61  4:44  Supply Depot  
  61  4:46  SCV  
  61  4:49  Supply Depot  
  62  4:54  Refinery  
  62  4:56  Refinery  
  62  5:06  SCV x2, Marine x4  
  68  5:08  Marine  
  68  5:11  Siege Tank  
  72  5:15  Combat Shield  
  72  5:18  SCV  
  72  5:19  Barracks Reactor  
  72  5:20  Barracks Reactor  
  73  5:23  Marine  
  73  5:24  Supply Depot  
  73  5:26  Supply Depot  
  73  5:27  Marine  
  73  5:28  Marine  
  76  5:31  Medivac  
  78  5:46  Siege Tank, SCV x2, Medivac, Marine  
  78  5:47  Marine x2, Supply Depot  
  78  5:49  Supply Depot  
  88  5:52  Marine x2  
  88  5:56  Marine  
  88  5:57  Marine  
  91  5:58  Marine x2  
  94  6:08  Marine  
  94  6:09  Medivac, Marine  
  94  6:10  Supply Depot  
  99  6:11  Marine  
  99  6:14  Marine  
  99  6:15  Marine  
  99  6:16  Medivac, Marine x2  
  107  6:21  Siege Tank  
  110  6:30  Marine  
  110  6:32  Marine x2, Supply Depot  
  112  6:33  Marine  
  112  6:38  Supply Depot  
  112  6:39  Marine x3  
  115  6:40  Marine  
  115  6:41  Marine  
  117  6:49  Marine  
  117  6:53  Marine x3  
  117  6:54  Supply Depot  
  121  7:00  Supply Depot  
  121  7:01  Supply Depot  
  121  7:02  Supply Depot x2  
  121  7:06  Marine x2  
  123  7:17  Siege Tank  
  123  7:18  Marine x2  
  123  7:19  Marine x2  
  130  7:23  Supply Depot  
  130  7:29  Marine x3  
  133  7:30  Medivac x2, Marine  
  133  7:31  Marauder  
  140  7:39  Marine x2  
  140  7:40  Marine  
  143  7:45  Marine  
  143  7:47  Supply Depot  
  143  7:50  Marine x3  
  147  7:52  Marauder  
  149  8:23  Marine x9  
  149  8:24  Liberator x2  
  149  8:26  Siege Tank  
  167  8:40  Marine  
  167  8:41  Marine x6  
  167  8:42  Marauder  
  167  8:43  Marine  
  176  8:58  Marine  
  176  8:59  Marine x5  
  182  9:03  Marauder, Marine  
  182  9:07  Medivac x2  
  189  9:16  Marine  
  190  9:48  Supply Depot  
  190  9:50  Siege Tank, Marauder  
  195  9:58  Command Center  
  195  10:04  Armory  
  194  10:08  Barracks, Command Center  
  194  10:12  Marauder  
  194  10:13  Barracks x2  
  196  10:33  Marauder  
Show
View Real Time Build Order
Export as new Build Order

A.I. 1 (Very Easy) Zerg - Winner!

Build Orders: Hatch First 

Get SALT Encoding   

  12  0:01  Drone  
  13  0:12  Overlord  
  13  0:17  Drone  
  14  0:42  Hatchery  
  13  0:43  Drone  
  14  0:59  Spawning Pool  
  14  1:02  Drone  
  14  1:06  Extractor  
  14  1:09  Drone  
  14  1:16  Overlord  
  15  1:47  Zergling x2  
  15  1:48  Queen  
  15  1:49  Zergling x2  
  18  1:57  Roach Warren  
  18  1:59  Drone  
  18  2:04  Extractor  
  18  2:08  Drone  
  18  2:13  Zergling x2  
  19  2:18  Drone  
  20  2:25  Drone  
  21  2:33  Drone  
  22  2:40  Drone  
  23  2:47  Drone  
  24  2:54  Drone  
  24  2:58  Lair  
  25  3:03  Drone  
  26  3:27  Drone  
  27  3:33  Zergling x2  
  27  3:34  Drone  
  28  3:40  Overlord  
  28  3:44  Drone  
  29  3:51  Drone  
  30  3:58  Drone  
  30  4:00  Spire  
  30  4:04  Overseer  
  30  4:05  Drone  
  30  4:09  Overseer  
  31  4:12  Drone  
  32  4:19  Drone  
  32  4:21  Overlord  
  33  4:26  Drone  
  34  4:34  Drone  
  35  4:41  Drone  
  36  4:49  Drone  
  36  4:51  Extractor  
  36  4:56  Drone  
  37  5:01  Extractor  
  37  5:03  Drone  
  37  5:06  Mutalisk  
  39  5:10  Drone  
  40  5:17  Drone  
  41  5:24  Drone  
  42  5:32  Drone  
  42  5:33  Overlord  
  43  5:39  Drone  
  44  5:46  Mutalisk, Drone  
  47  5:53  Drone  
  48  6:00  Drone  
  49  6:50  Mutalisk  
  44  7:22  Overlord, Overseer  
  42  7:30  Mutalisk  
  44  8:01  Overlord, Overseer  
  44  8:10  Zergling x2  
  43  8:37  Overlord  
  42  8:47  Overseer  
  42  8:50  Mutalisk  
  44  8:56  Overlord  
  44  9:19  Overlord  
  44  9:30  Mutalisk, Overseer  
  44  9:38  Overlord  
  44  9:54  Overlord x2  
  42  10:11  Mutalisk  
  42  10:13  Overlord  
  44  10:32  Overlord  
  44  10:39  Pneumatized Carapace  
  44  10:51  Zergling x2, Overlord  
  45  10:58  Overlord  
Tags
 
Add a new tag
Caveats
  • Supply blocks, unpowered buildings, or Contaminate may cause inaccurate times.
  • Supply counts are checked every 10 seconds.